 Dungeon Crawl Stone Soup version 0.19.4 (webtiles) character file.

11158 Jynx the Arsonist (level 11, 0/54 HPs)
             Began as a Deep Elf Fire Elementalist on Feb 5, 2017.
             Was a Priest of Vehumet.
             Slain by a hell hound (5 damage)
             ... on level 10 of the Dungeon.
             The game lasted 00:24:14 (12267 turns).

Jynx the Arsonist (Deep Elf Fire Elementalist)     Turns: 12267, Time: 00:24:14

Health: 0/54       AC:  8    Str:  6    XL:     11   Next: 45%
Magic:  13/28      EV: 19    Int: 23    God:    Vehumet [***...]
Gold:   405        SH:  0    Dex: 15    Spells: 5 memorised, 18 levels left

rFire  + . .     SeeInvis .     y - +1 whip (flame)
rCold  . . .     Gourm    .     M - +2 robe {rF+}
rNeg   . . .     Faith    .     (no shield)
rPois  .         Spirit   .     (no helmet)
rElec  .         Reflect  .     (no cloak)
rCorr  .         Harm     .     m - +2 pair of gloves
MR     +....                    r - +0 pair of boots
Stlth  ++........               (no amulet)
                                (no ring)
                                (no ring)

@: drained
A: no striking features
a: Renounce Religion


You were on level 10 of the Dungeon.
You worshipped Vehumet.
Vehumet was most pleased with you.
You were not hungry.

You visited 2 branches of the dungeon, and saw 11 of its levels.

You collected 405 gold pieces.

Inventory:

Hand Weapons
 y - a +1 whip of flaming (weapon)
Armour
 m - a +2 pair of gloves (worn)
 r - a +0 pair of boots (worn)
 M - a +2 robe of fire resistance (worn)
Wands
 q - a wand of lightning (1/15)
 B - a wand of flame (26/48)
 C - a wand of acid (9/15)
 F - a wand of flame (6/48)
 G - a wand of digging (15/24)
 N - a wand of digging (14/24)
Scrolls
 h - 2 scrolls of fear
 i - 3 scrolls of amnesia
 j - 2 scrolls of magic mapping
 k - a scroll of enchant weapon
 o - 5 scrolls of remove curse
 t - 3 scrolls of teleportation
 H - a scroll of enchant armour
 J - 2 scrolls of recharging
Potions
 d - 2 potions of haste
 e - a potion of mutation
 f - 2 potions of heal wounds
 l - 4 potions of agility
 n - 5 potions of curing
 p - 4 potions of degeneration {unknown}
 u - 2 potions of flight {unknown}
 w - a potion of cancellation {unknown}
 A - 3 potions of cure mutation {unknown}
 D - a potion of experience {unknown}
 K - a potion of brilliance {unknown}
 L - a potion of ambrosia {unknown}
Books
 b - a book of Flames

   Spells                             Type                      Level
   a - Flame Tongue                   Conjuration/Fire             1
   b - Throw Flame                    Conjuration/Fire             2
   c - Conjure Flame                  Conjuration/Fire             3
   d - Inner Flame                    Hexes/Fire                   3
   e - Sticky Flame                   Conjuration/Fire             4
   f - Fireball                       Conjuration/Fire             5
 s - a Young Poisoner's Handbook

   Spells                             Type                      Level
   a - Sting                          Conjuration/Poison           1
   b - Mephitic Cloud                 Conjuration/Poison/Air       3
   c - Olgreb's Toxic Radiance        Poison                       4
   d - Alistair's Intoxication        Transmutation/Poison         5
   e - Venom Bolt                     Conjuration/Poison           5
 v - a book of Battle

   Spells                             Type                      Level
   a - Infusion                       Charms                       1
   b - Shroud of Golubria             Charms/Translocation         2
   c - Song of Slaying                Charms                       2
   d - Spectral Weapon                Hexes/Charms                 3
   e - Regeneration                   Charms/Necromancy            3
Comestibles
 a - a chunk of flesh
 c - 7 bread rations
 g - 6 meat rations
 x - a royal jelly
 z - 20 fruits
 E - 2 beef jerkies
 I - a slice of pizza


   Skills:
 + Level 10.0(9.7) Dodging
 - Level 2.4(2.2) Stealth
 + Level 11.1(10.9) Spellcasting
 + Level 9.0(8.8) Conjurations
 * Level 12.7(12.5) Fire Magic


You had 18 spell levels left.
You knew the following spells:

 Your Spells              Type           Power        Failure   Level  Hunger
a - Flame Tongue          Conj/Fire      #####        1%          1    None
b - Conjure Flame         Conj/Fire      ######..     1%          3    None
c - Sticky Flame          Conj/Fire      ######..     1%          4    None
d - Fireball              Conj/Fire      ######....   1%          5    ####...
e - Magic Dart            Conj           ####         1%          1    None


Dungeon Overview and Level Annotations

Branches:
Dungeon (10/15)            Temple (1/1) D:5            Lair (0/6) D:10
    Orc (0/2) D:10

Altars:
Cheibriados
Dithmenos
Elyvilon
Fedhas
Gozag
Hepliaklqana
Kikubaaqudgha
Makhleb
Nemelex Xobeh
Okawaru
Qazlal
Ru
Sif Muna
Trog
Uskayaw
Vehumet
Xom
Yredelemnul
Zin
The Shining One

Shops:
D:9 (


Message History

The blast of flame hits you! You resist.
* * * LOW HITPOINT WARNING * * *
The hell hound completely misses you.
Evoke which item? (* to show all) (? for menu, Esc to quit)
Zapping:
q - a wand of lightning {zapped: 6} (will waste charges)
Press: ? - help, Shift-Dir - straight line, f/p - hell hound
Aim: a hell hound (almost dead, catching its breath)
You hear a mighty clap of thunder!
The bolt of lightning misses the hell hound.
Evoking this partially-identified wand wasted a few charges.
The hell hound bites you but does no damage.
Evoke which item? (* to show all) (? for menu, Esc to quit)
Zapping:
q - a wand of lightning {zapped: 8} (will waste charges)
Press: ? - help, Shift-Dir - straight line, f/p - hell hound
Aim: a hell hound (almost dead, catching its breath)
You hear a mighty clap of thunder!
The bolt of lightning misses the hell hound.
Evoking this partially-identified wand wasted a few charges.
The hell hound bites you.
You die...

#..#........................
#..#.#..>...########...#....
#..#.#............##...#....
#..#.#.##.(..####.########..
#..#.#.#.....####.########.#
#..#.#.#....................
#..#.#............####..##.#
#..#.###...h.###### #..#..#
#..........@.#########..#..#
##.#.###.#..............#..#
#####..#.#...)..>..............#
#..........)..................##
##>#..##.#.)...###########..#.#
#.#..##.##.................#.##
##.#..##.##.#############.......
#.........#............##...#...
#.........#.####.......().......


You could see a hell hound.

Vanquished Creatures
  Josephine (D:10)
  Erolcha (D:10)
  The ghost of cba the Covert, a novice OpAs of Dithmenos (D:8)
  2 hill giants (D:10)
  Pikel (D:7)
  An orc knight (D:10)
  The ghost of Jerry the Shield-Bearer, a novice FoFi (D:5)
  A troll (D:10)
  Grinder (D:4)
  2 hippogriffs
  4 wraiths (D:10)
  A wyvern (D:10)
  4 yaks (D:10)
  A hungry ghost (D:7)
  2 water moccasins (D:7)
  Duvessa (D:7)
  A hell hound (D:10)
  5 orc warriors
  2 sky beasts
  A phantom (D:10)
  An ice beast (D:7)
  4 ogres
  A centaur (D:10)
  5 big kobolds
  7 bullfrogs
  A wyvern zombie (D:8)
  A water moccasin zombie (D:7)
  Dowan (D:7)
  2 scorpions
  A wyvern skeleton (D:8)
  4 wights (D:8)
  The ghost of Jerry the Shield-Bearer, a weakling FoFi (D:3)
  9 killer bees (D:10)
  3 electric eels (D:7)
  2 crimson imps
  A howler monkey (D:7)
  A quasit (D:9)
  A centaur zombie (D:6)
  3 hounds
  2 jellies
  5 orc priests
  A centaur skeleton (D:8)
  9 orc wizards
  2 iguanas
  A bullfrog skeleton (D:9)
  6 worker ants
  5 worker ant zombies
  9 adders
  A howler monkey skeleton (D:7)
  2 shadow imps
  A white imp (D:4)
  An ooze (D:7)
  2 adder skeletons
  2 worms
  5 dart slugs
  3 leopard geckos
  30 orcs
  8 giant cockroaches
  14 goblins
  A hobgoblin (D:3)
  4 jackals (D:5)
  3 quokkas
  5 ball pythons
  9 bats
  A giant cockroach zombie (D:5)
  2 goblin skeletons (D:4)
  2 hobgoblin zombies (D:4)
  22 kobolds
  2 kobold zombies (D:4)
  A leopard gecko zombie (D:7)
  8 rats
252 creatures vanquished.

Vanquished Creatures (others)
  A slave (D:7)
  An orc (D:7)
2 creatures vanquished.

Grand Total: 254 creatures vanquished

Notes
Turn   | Place    | Note
-------+----------+-------------------------------------------
     0 | D:1      | Jynx the Deep Elf Fire Elementalist began the quest for the Orb.
     0 | D:1      | Reached XP level 1. HP: 10/10 MP: 6/6
   123 | D:1      | Reached XP level 2. HP: 15/15 MP: 4/8
   618 | D:1      | Reached XP level 3. HP: 19/19 MP: 7/9
   704 | D:1      | Learned a level 3 spell: Conjure Flame
   729 | D:1      | Reached skill level 4 in Fire Magic
  1366 | D:2      | Reached XP level 4. HP: 24/24 MP: 8/11
  1632 | D:2      | Learned a level 4 spell: Sticky Flame
  1803 | D:3      | Noticed Jerry's ghost (weakling FoFi)
  1843 | D:3      | Killed Jerry's ghost
  1960 | D:3      | Reached XP level 5. HP: 28/28 MP: 9/12
  2281 | D:4      | Found a glowing golden altar of the Shining One.
  2363 | D:4      | Reached skill level 5 in Fire Magic
  2885 | D:4      | Noticed Grinder
  2885 | D:4      | Noticed an ogre
  2887 | D:4      | Paralysed by Grinder for 6 turns
  3129 | D:4      | Killed Grinder
  3129 | D:4      | Reached skill level 5 in Spellcasting
  3129 | D:4      | Reached XP level 6. HP: 32/32 MP: 5/15
  3217 | D:4      | Reached skill level 6 in Fire Magic
  3385 | D:5      | Entered Level 5 of the Dungeon
  3431 | D:5      | Reached XP level 7. HP: 26/36 MP: 12/16
  3692 | D:5      | Found a staircase to the Ecumenical Temple.
  3700 | Temple   | Entered the Ecumenical Temple
  3792 | Temple   | Became a worshipper of Vehumet
  3947 | D:5      | Noticed Jerry's ghost (novice FoFi)
  3962 | D:5      | Killed Jerry's ghost
  3962 | D:5      | Reached skill level 5 in Dodging
  3962 | D:5      | Reached skill level 7 in Fire Magic
  4391 | D:6      | Learned a level 1 spell: Sting
  4493 | D:5      | Reached XP level 8. HP: 36/41 MP: 2/19
  4718 | D:6      | Found an opulent altar of Gozag.
  4886 | D:6      | Noticed a hippogriff
  4895 | D:6      | Killed a hippogriff
  5644 | D:7      | Reached skill level 5 in Conjurations
  5703 | D:7      | Reached skill level 8 in Fire Magic
  6141 | D:7      | Reached XP level 9. HP: 28/45 MP: 15/22
  6274 | D:7      | Reached skill level 9 in Fire Magic
  6327 | D:7      | Found an iron altar of Okawaru.
  6327 | D:7      | Noticed Dowan
  6328 | D:7      | Noticed Duvessa
  6556 | D:7      | Killed Duvessa
  6564 | D:7      | Killed Dowan
  6681 | D:7      | Noticed Pikel
  6694 | D:7      | Killed Pikel
  7141 | D:7      | Found a deep blue altar of Sif Muna.
  7141 | D:7      | Found a burning altar of Makhleb.
  7203 | D:7      | Reached * piety under Vehumet
  7203 | D:7      | Offered knowledge of Magic Dart by Vehumet.
  7231 | D:7      | Learned a level 1 spell: Magic Dart
  7238 | D:7      | Learned a level 5 spell: Fireball
  7459 | D:8      | Noticed cba's ghost (novice OpAs)
  7467 | D:8      | Reached skill level 10 in Fire Magic
  7471 | D:8      | Killed cba's ghost
  7734 | D:8      | Reached XP level 10. HP: 50/50 MP: 7/25
  7888 | D:8      | Offered knowledge of Sandblast by Vehumet.
  7945 | D:8      | Reached ** piety under Vehumet
  8864 | D:8      | Found an ancient bone altar of Kikubaaqudgha.
  9212 | D:8      | Found a sacrificial altar of Ru.
  9282 | D:9      | Found Leurpheu's Antique Weapon Shoppe.
  9322 | D:9      | Reached skill level 11 in Fire Magic
  9815 | D:9      | Offered knowledge of Static Discharge by Vehumet.
  9998 | D:10     | Entered Level 10 of the Dungeon
 10011 | D:10     | Found a staircase to the Lair.
 10160 | D:10     | Found a staircase to the Orcish Mines.
 10295 | D:10     | Reached *** piety under Vehumet
 10333 | D:10     | Noticed Erolcha
 10339 | D:10     | Killed Erolcha
 10339 | D:10     | Reached skill level 10 in Spellcasting
 10573 | D:10     | Noticed an orc knight
 10583 | D:10     | Killed an orc knight
 10583 | D:10     | Reached skill level 12 in Fire Magic
 10746 | D:10     | Reached XP level 11. HP: 54/54 MP: 18/27
 10749 | D:10     | Offered knowledge of Iskenderun's Mystic Blast by Vehumet.
 10991 | D:10     | Noticed a hill giant
 11001 | D:10     | Killed a hill giant
 11438 | D:10     | Noticed a hill giant
 11447 | D:10     | Killed a hill giant
 11793 | D:10     | Noticed Josephine
 11956 | D:10     | Killed Josephine
 12164 | D:10     | Reached skill level 10 in Dodging
 12267 | D:10     | Slain by a hell hound

Skill      XL: |  1  2  3  4  5  6  7  8  9 10 11 |
---------------+----------------------------------+-----
Conjurations   | 2 3 4 5 7 8 9 |  9.0
Fire Magic     | 4 5 6 7 8 10 12 | 12.7
Dodging        | 3 4 5 6 7 9 10 | 10.0
Spellcasting   | 5 6 7 9 10 11 | 11.1
Stealth        | |  2.4

Action                   |  1- 3 |  4- 6 |  7- 9 | 10-12 || total
-------------------------+-------+-------+-------+-------++-------
Melee: Unarmed           |     3 |     1 |    12 |       ||    16
       Whip              |       |       |    10 |    21 ||    31
 Cast: Flame Tongue      |    70 |    72 |   249 |   234 ||   625
       Conjure Flame     |       |     2 |    10 |     8 ||    20
       Sticky Flame      |       |     1 |     7 |    19 ||    27
       Sting             |       |       |    19 |       ||    19
       Fireball          |       |       |     2 |    27 ||    29
       Magic Dart        |       |       |       |    37 ||    37
Evoke: Wand              |       |       |       |     5 ||     5
  Use: Scroll            |     3 |    11 |     2 |     2 ||    18
  Eat: Chunk             |     1 |     4 |    12 |    13 ||    30
       Meat ration       |       |     1 |       |       ||     1
       Fruit             |       |       |       |     7 ||     7
Armor: Robe              |     4 |     1 |    37 |    44 ||    86
Dodge: Dodged            |    16 |    19 |   123 |   140 ||   298
